 Dungeon Crawl Stone Soup version 0.27-a0-448-gace5c5693b (webtiles) character file.

Game seed: 10220110598888193129

38430 wakim the Destroyer (level 13, -4/76 HPs)
             Began as a Deep Elf Conjurer on Feb 27, 2021.
             Was an Elder of Sif Muna.
             Shot with an arrow by Nessos (6 damage)
             ... on level 5 of the Lair of Beasts.
             The game lasted 01:18:45 (23063 turns).

wakim the Destroyer (Deep Elf Conjurer)            Turns: 23063, Time: 01:18:45

Health: -4/76      AC: 26    Str:  7    XL:     13   Next: 63%
Magic:  27/29      EV: 18    Int: 29    God:    Sif Muna [****..]
Gold:   712        SH:  6    Dex: 13    Spells: 13/32 levels left

rFire    . . .     SeeInvis +   F - +4 dagger (venom)
rCold    . . .     Faith    +   A - +1 buckler {AC+3}
rNeg     . . .     Spirit   .   C - +0 steam dragon scales
rPois    .         Reflect  .   w - +2 hat {Int+3}
rElec    .         Harm     .   p - +2 cloak
rCorr    .         Rampage  .   v - +0 pair of gloves
Will     +....                  k - +1 pair of boots
Stlth    +++.......             m - amulet of faith
HPRegen  0.22/turn              y - ring of wizardry
MPRegen  0.21/turn              c - ring of see invisible

@: lethally poisoned (-4 -> -6), icy armour
A: no striking features
a: Renounce Religion, Channel Magic, Forget Spell, Divine Exegesis


You were on level 5 of the Lair of Beasts.
You worshipped Sif Muna.
Sif Muna was greatly pleased with you.
You visited 3 branches of the dungeon, and saw 17 of its levels.
You also visited: Bailey.

You collected 1087 gold pieces.
You spent 375 gold pieces at shops.

Inventory:

Hand Weapons
 F - a +4 dagger of venom (weapon)
Missiles
 z - 5 throwing nets
Armour
 k - a +1 pair of boots (worn)
 p - a +2 cloak (worn)
 v - a +0 pair of gloves (worn)
 w - a +2 hat of intelligence (worn)
 A - a +1 buckler of protection (worn)
 C - +0 steam dragon scales (worn)
 G - a +0 hat of see invisible
Jewellery
 a - a +4 ring of evasion
 c - a ring of see invisible (right hand)
 m - an amulet of faith (around neck)
 x - a +4 ring of protection
 y - a ring of wizardry (left hand)
 D - an amulet of magic regeneration
 L - a +6 ring of strength
Wands
 s - a wand of paralysis (27)
 u - a wand of mindburst (28)
 B - a wand of digging (12)
Scrolls
 b - a scroll of holy word
 d - 2 scrolls of teleportation
 e - 3 scrolls of magic mapping
 i - a scroll of immolation
 n - 6 scrolls of identify
 o - 3 scrolls of fear
 q - 5 scrolls of enchant weapon
 K - a scroll of silence {unknown}
Potions
 f - a potion of heal wounds
 g - 3 potions of brilliance
 h - a potion of curing
 j - 2 potions of might
 l - 2 potions of cancellation
 r - 2 potions of flight
 t - 2 potions of attraction {unknown}
 E - 3 potions of lignification
 H - a potion of haste
 J - 2 potions of invisibility {unknown}


   Skills:
 + Level 7.3 Fighting
 + Level 11.4 Dodging
 - Level 5.0 Stealth
 - Level 4.0 Shields
 * Level 10.2 Spellcasting
 + Level 13.2 Conjurations
 - Level 5.0 Hexes
 - Level 5.0 Translocations
 * Level 9.4 Ice Magic
 - Level 9.0 Invocations


You had 13 spell levels left.
You knew the following spells:

 Your Spells              Type           Power        Failure   Level
a - Magic Dart            Conj           100%         0%          1
b - Searing Ray           Conj           100%         0%          2
c - Fulminant Prism       Conj/Hex       30%          1%          4
d - Iskenderun's Mystic   Conj/Tloc      61%          1%          4
e - Iskenderun's Battles  Conj           75%          1%          5
f - Ozocubu's Armour      Ice            63%          1%          3

Your spell library contained the following spells:

 Spells                   Type           Power        Failure   Level
 Animate Skeleton         Necr           28%          1%          1
 Apportation              Tloc           86%          1%          1
 Corona                   Hex            47%          1%          1
 Foxfire                  Conj/Fire      100%         1%          1
 Freeze                   Ice            100%         1%          1
 Sting                    Tmut/Pois      56%          1%          1
 Summon Small Mammal      Summ           56%          1%          1
 Confusing Touch          Hex            43%          1%          3
 Conjure Flame            Conj/Fire      52%          1%          3
 Dazzling Flash           Conj/Hex       100%         1%          3
 Frozen Ramparts          Ice            100%         1%          3
 Gell's Gravitas          Tloc           21%          1%          3
 Inner Flame              Hex/Fire       29%          1%          3
 Mephitic Cloud           Conj/Pois/Air  40%          1%          3
 Hailstorm                Conj/Ice       69%          1%          4
 Sticky Flame             Conj/Fire      52%          1%          4
 Poisonous Vapours        Pois/Air       28%          2%          2
 Ice Form                 Ice/Tmut       42%          2%          4
 Summon Ice Beast         Ice/Summ       42%          2%          4
 Fireball                 Conj/Fire      26%          2%          5
 Metabolic Englaciation   Hex/Ice        27%          2%          5
 Ignite Poison            Fire/Tmut/Pois 14%          4%          3
 Bolt of Magma            Conj/Fire/Erth 20%          6%          5
 Olgreb's Toxic Radiance  Pois           14%          16%         4
 Petrify                  Tmut/Erth      14%          16%         4
 Yara's Violent Unravell  Hex/Tmut       14%          16%         5
 Ozocubu's Refrigeration  Ice            31%          26%         7
 Spellforged Servitor     Conj/Summ      26%          58%         7
 Absolute Zero            Ice            31%          100%        9


Dungeon Overview and Level Annotations

Branches:
Dungeon (11/15)            Temple (1/1) D:4            Lair (5/6) D:11
 Shoals (0/4) Lair:4        Snake (0/4) Lair:2          Orc (0/2) D:11
 Bailey (visited)
  Slime: Lair:5-6

Altars:
Elyvilon
Fedhas
Hepliaklqana
Kikubaaqudgha
Makhleb
Nemelex Xobeh
Okawaru
Qazlal
Ru
Sif Muna
Trog
Vehumet
Wu Jian
Xom
Yredelemnul
Zin
The Shining One

Shops:
D:5 =   D:8 [   D:9 [   D:10 *

Annotations:
Lair:5 Kirke, Nessos


Message History

The barrage of energy hits the water moccasin!
The water moccasin is moderately wounded.
Nessos shoots an arrow.
The arrow closely misses you.
Casting: Magic Dart (safe; 0% risk of failure)
Confirm with . or Enter, or press ? or * to list all spells.
Aiming: Searing Ray (safe; 0% risk of failure)
Press: ? - help, Shift-Dir - straight line, f - water moccasin, p - Nessos
Aim: a water moccasin (moderately wounded, 28% to evade)
The searing ray misses the water moccasin. (Press . to maintain the ray.)
You feel less invigorated.
You feel sick.
Nessos blinks!
Nessos shoots an arrow.
You block the arrow.
Casting: Searing Ray (safe; 0% risk of failure)
Confirm with . or Enter, or press ? or * to list all spells.
Aiming: Magic Dart (safe; 0% risk of failure)
Press: ? - help, Shift-Dir - straight line, f - Nessos, p - water moccasin
Aim: Nessos, wielding a +2 longbow of flaming, wearing a +2 barding and quivering arrows (severely wounded, fast, 0% to evade)
The magic dart hits Nessos.
Nessos is severely wounded.
Your battlesphere fires!
The barrage of energy hits the water moccasin!
The water moccasin is severely wounded.
Nessos shoots an arrow.
You block the arrow.
Nessos shoots an arrow.
The arrow hits you but does no damage.
Casting: Magic Dart (safe; 0% risk of failure)
Confirm with . or Enter, or press ? or * to list all spells.
Aiming: Searing Ray (safe; 0% risk of failure)
Press: ? - help, Shift-Dir - straight line, f - water moccasin, p - Nessos
Aim: a water moccasin (severely wounded, ally target, 28% to evade)
The searing ray hits the water moccasin!
The water moccasin is almost dead. (Press . to maintain the ray.)
You feel sick.
Your battlesphere fires!
The barrage of energy hits Nessos.
Nessos is almost dead.
Nessos shoots an arrow.
The arrow hits you!
* * * LOW HITPOINT WARNING * * *
The arrow burns you.
You die...

#.#...................
# ##...##....#......
####..P............
#.##...............
#.#...##...........
#......#P..........
#..................
#..................
##...@.*............
#....S..............
##....##....PP......
##...###....P......
#.....#.....##....
#................
#P..........c#P
#P............
##....P#......


You could see Nessos (fast, ally target), a water moccasin and a friendly
battlesphere.

Vanquished Creatures
  Gastronok (Lair:2)
  Josephine (D:10)
  Harold (D:8)
  4 hydras
  A catoblepas (Lair:4)
  Erica (D:10)
  A two-headed ogre (D:9)
  Urug (Lair:2)
  The ghost of Nebesus the Demon Slayer, a novice FoFi of the Shining One (Lair:1)
  Sonja (Lair:2)
  An orc knight (Bailey)
  The ghost of ma3 the Chiller, a novice MfIE (D:6)
  An ugly thing (D:11)
  A manticore (D:8)
  4 oklob plants
  Joseph (D:9)
  4 black mambas
  2 merfolk sirens (Lair:4)
  5 cane toads
  6 komodo dragons
  A rime drake (Lair:3)
  A polar bear (Lair:1)
  2 merfolk (Lair:4)
  2 trolls
  Prince Ribbit (Lair:3)
  12 blink frogs
  3 wraiths
  3 spriggans (Lair:1)
  19 yaks
  4 wyverns
  Grum (D:9)
  7 basilisks
  2 steam dragons
  7 nagas (Lair:2)
  15 water moccasins
  An eye of draining (D:11)
  17 orc warriors
  A sky beast (D:9)
  An ice beast (D:9)
  A hornet zombie (D:7)
  3 ogres
  2 black bears
  5 centaurs
  13 wolves
  6 phantoms
  A kobold brigand (D:8)
  21 bullfrogs
  A wyvern zombie (D:11)
  3 scorpions
  A troll zombie (D:11)
  A killer bee (D:11)
  14 wights
  An electric eel (D:9)
  A howler monkey (D:4)
  2 quasits
  2 bullfrog zombies
  5 hounds
  3 bullfrog skeletons
  8 orc priests
  2 jellies
  2 centaur skeletons
  3 iguanas
  10 orc wizards
  Natasha (thrice) (D:2)
  5 hell rats (Lair:4)
  14 worker ants
  Terence (D:2)
  A killer bee zombie (D:7)
  4 ogre zombies (D:11)
  2 hound skeletons
  2 howler monkey skeletons
  Robin (D:2)
  10 gnolls
  8 adders
  4 white imps
  A howler monkey simulacrum (D:9)
  An ufetubus (D:3)
  An ooze (D:4)
  An adder zombie (D:6)
  2 adder skeletons (D:6)
  2 worms
  4 dart slugs
  9 leopard geckos
  50 orcs
  2 ball pythons
  7 giant cockroaches
  14 goblins
  8 hobgoblins
  3 quokkas
  8 bats
  8 frilled lizards
  A goblin skeleton (D:11)
  A goblin zombie (D:11)
  A hobgoblin zombie (D:11)
  13 kobolds
  2 leopard gecko skeletons
  5 orc skeletons (D:11)
  10 orc zombies (D:11)
  4 quokka skeletons
  A quokka zombie (D:9)
  10 rats
474 creatures vanquished.

Vanquished Creatures (others)
  73 fulminant prisms
  21 fungi
  62 plants
156 creatures vanquished.

Grand Total: 630 creatures vanquished

Notes
Turn   | Place    | Note
-------+----------+-------------------------------------------
     0 | D:1      | wakim the Deep Elf Conjurer began the quest for the Orb.
     0 | D:1      | Reached XP level 1. HP: 10/10 MP: 6/6
   253 | D:1      | Reached XP level 2. HP: 15/15 MP: 6/8
   798 | D:1      | Learned a level 2 spell: Searing Ray
   865 | D:2      | Found a white marble altar of Elyvilon.
   885 | D:2      | Reached skill level 5 in Conjurations
   977 | D:2      | Reached XP level 3. HP: 19/19 MP: 7/10
  1145 | D:2      | Found a faded altar of an unknown god.
  1187 | D:2      | Noticed Robin
  1198 | D:2      | Killed Robin
  1199 | D:2      | Noticed Terence
  1313 | D:2      | Noticed Natasha
  1338 | D:2      | Killed Natasha
  1339 | D:2      | Reached XP level 4. HP: 24/24 MP: 7/12
  1392 | D:2      | Killed Terence
  1542 | D:2      | Noticed Natasha
  1546 | D:2      | Killed Natasha
  1547 | D:2      | Reached skill level 6 in Conjurations
  1547 | D:2      | Reached XP level 5. HP: 28/28 MP: 8/13
  1647 | D:2      | Noticed Natasha
  1652 | D:2      | Killed Natasha
  2884 | D:4      | Reached XP level 6. HP: 3/32 MP: 9/14
  2885 | D:4      | Reached skill level 7 in Conjurations
  3174 | D:4      | Learned a level 4 spell: Fulminant Prism
  3179 | D:4      | Learned a level 4 spell: Iskenderun's Mystic Blast
  3235 | D:4      | Found a staircase to the Ecumenical Temple.
  3282 | Temple   | Entered the Ecumenical Temple
  3290 | Temple   | Became a worshipper of Sif Muna the Loreminder
  3567 | D:4      | Reached skill level 5 in Dodging
  3567 | D:4      | Reached skill level 1 in Hexes
  3720 | D:4      | Reached skill level 1 in Invocations
  3733 | D:4      | Reached skill level 1 in Translocations
  3733 | D:4      | Reached XP level 7. HP: 22/36 MP: 3/15
  4004 | D:5      | Entered Level 5 of the Dungeon
  4035 | D:5      | Reached * piety under Sif Muna
  4210 | D:5      | Found Nicvyf's Jewellery Shoppe.
  5231 | D:6      | Reached XP level 8. HP: 37/41 MP: 12/16
  5379 | D:6      | Reached skill level 8 in Conjurations
  5451 | D:6      | Reached ** piety under Sif Muna
  6109 | D:6      | Found a runed translucent gate.
  6109 | D:6      | Found a runed translucent gate.
  6110 | D:6      | Found a runed translucent gate.
  6113 | D:6      | Noticed ma3's ghost (novice MfIE)
  6574 | D:7      | Reached skill level 9 in Conjurations
  6909 | D:7      | Reached *** piety under Sif Muna
  6924 | D:7      | Reached XP level 9. HP: 46/46 MP: 2/17
  6967 | D:7      | Reached skill level 1 in Fighting
  7408 | D:7      | Found a stormy altar of Qazlal.
  7864 | D:8      | Noticed a manticore
  7946 | D:8      | Killed a manticore
  7947 | D:8      | Reached skill level 5 in Invocations
  8097 | D:8      | Noticed Harold
  8111 | D:8      | Killed Harold
  8112 | D:8      | Reached skill level 5 in Spellcasting
  8343 | D:8      | Reached skill level 5 in Stealth
  8364 | D:8      | Reached skill level 10 in Conjurations
  8500 | D:8      | Reached XP level 10. HP: 56/56 MP: 17/21
  8631 | D:8      | Found Igebb's Antique Armour Boutique.
  8637 | D:8      | Bought a shiny buckler for 180 gold pieces
  8791 | D:8      | Reached **** piety under Sif Muna
  8840 | D:9      | Found Gauliaf's Antique Armour Shop.
  9037 | D:9      | Reached skill level 1 in Shields
  9503 | D:9      | Noticed Joseph
  9527 | D:9      | Noticed a two-headed ogre
  9604 | D:9      | Noticed Grum
  9627 | D:9      | Killed Grum
  9755 | D:9      | Killed Joseph
  9756 | D:9      | Reached skill level 5 in Hexes
  9864 | D:9      | Killed a two-headed ogre
  9865 | D:9      | Reached skill level 5 in Translocations
 10013 | D:9      | Reached skill level 11 in Conjurations
 10553 | D:9      | Bought a pair of embroidered boots for 195 gold pieces
 10603 | D:10     | Entered Level 10 of the Dungeon
 10817 | D:10     | Noticed Josephine
 10826 | D:10     | Killed Josephine
 10827 | D:10     | Reached XP level 11. HP: 60/60 MP: 5/22
 11029 | D:10     | Noticed Erica
 11039 | D:10     | Killed Erica
 11931 | D:10     | Found Niugh's General Store.
 12327 | D:6      | Killed ma3's ghost
 12807 | D:11     | Found a flagged portal.
 12820 | Bailey   | Entered a bailey
 13646 | Bailey   | Noticed an orc knight
 13659 | Bailey   | Killed an orc knight
 13659 | Bailey   | Reached ***** piety under Sif Muna
 14138 | D:11     | Found a staircase to the Orcish Mines.
 14145 | D:11     | Identified Sif Muna's Papyrus of the Guilds (Sif Muna
                  | gifted it to you on level 11 of the Dungeon)
 14145 | D:11     | Received a gift from Sif Muna
 14495 | D:11     | Noticed a green ugly thing
 14508 | D:11     | Killed a green ugly thing
 14722 | D:11     | Learned a level 5 spell: Iskenderun's Battlesphere
 14904 | D:11     | Noticed an oklob plant
 14904 | D:11     | Noticed an oklob plant
 15024 | D:11     | Found a staircase to the Lair.
 15253 | D:11     | Learned a level 3 spell: Ozocubu's Armour
 15339 | D:11     | Killed an oklob plant
 15441 | D:11     | Killed an oklob plant
 15442 | D:11     | Reached skill level 5 in Fighting
 15442 | D:11     | Reached skill level 1 in Ice Magic
 15567 | Lair:1   | Entered Level 1 of the Lair of Beasts
 15808 | Lair:1   | Reached skill level 10 in Dodging
 15920 | Lair:1   | Reached XP level 12. HP: 67/68 MP: 13/27
 16418 | Lair:1   | Found a runed translucent door.
 16422 | Lair:1   | Noticed Nebesus's ghost (novice FoFi)
 16424 | Lair:1   | Identified the +8 spear of the Heavens {vorpal, *Drain
                  | +Blink rC+}
 16459 | Lair:1   | Reached skill level 12 in Conjurations
 16757 | Lair:1   | Killed Nebesus's ghost
 17562 | Lair:2   | Reached skill level 5 in Ice Magic
 17565 | Lair:2   | Noticed Gastronok
 17593 | Lair:1   | Identified Lyeguz's Compendium of Cold (Sif Muna gifted it
                  | to you on level 1 of the Lair of Beasts)
 17593 | Lair:1   | Received a gift from Sif Muna
 17743 | Lair:2   | Found a staircase to the Snake Pit.
 17814 | Lair:2   | Noticed Sonja
 17823 | Lair:2   | Killed Sonja
 18026 | Lair:2   | Identified the +2 plate armour of the Devil {+Fly rN+ Str+4
                  | Int-4}
 18180 | Lair:2   | Noticed Urug
 18203 | Lair:2   | Killed Urug
 18544 | Lair:2   | Killed Gastronok
 19138 | Lair:3   | Noticed Prince Ribbit
 19145 | Lair:3   | Killed Prince Ribbit
 19280 | Lair:3   | Reached XP level 13. HP: 26/76 MP: 9/28
 20271 | Lair:3   | Reached skill level 13 in Conjurations
 20990 | Lair:4   | Found a staircase to the Shoals.
 21899 | Lair:4   | Reached skill level 10 in Spellcasting
 22714 | Lair:5   | Noticed Nessos
 22756 | Lair:5   | Noticed Kirke
 23063 | Lair:5   | HP: 2/76 [Nessos/arrow (17)]
 23063 | Lair:5   | Shot with an arrow by Nessos

Illustrated notes

Levels and vault maps discovered:
D:1:      minmay_arrival_checkered_box, layout_loops_ring, minmay_box_of_dots
D:2:      layout_basic, elyvilon_altar_3, chequers_ecumenical_altar_island,
          minmay_strange_pillars, uniq_terence, uniq_robin, uniq_natasha
D:3:      layout_loops_corners
D:4:      layout_basic, minmay_temple_entry_overgrown, minmay_lizard_king
D:5:      layout_loops_ring, serial_shops, nicolae_shop_statue_plus
D:6:      layout_loops_ring, ebering_ghost_rock_garden
D:7:      layout_loops_ring, basic_altar, hangedman_decor_growths,
          grunt_ministairs_4, lemuel_flame_loot_1
D:8:      layout_basic, serial_shops, nicolae_shop_overgrown_old_shop,
          uniq_harold
D:9:      layout_roguey, serial_shops, shop_statue, nrook_pool_corridor,
          hangedman_weighted_door, uniq_joseph, uniq_grum
D:10:     layout_grid_maze, serial_shops, shop_statue, uniq_josephine,
          uniq_erica
D:11:     cheibrodos_barr_body, layout_irregular_city, dpeg_oklobed_lair,
          zombieorc1_lemuel, enter_bailey_7
Temple:   dpeg_three_leaves_temple
Lair:1:   layout_regular_city, ebering_ghost_funeral_grove,
          chequers_serial_rivers_micro_a, minmay_hedge_maze,
          infiniplex_staircase_pool_2
Lair:2:   layout_gridlike, minmay_snake_entry_guardpost_medium,
          serial_bayou_pond_d, minivault_24, chequers_serial_rivers_micro_a,
          uniq_urug, uniq_sonja, uniq_gastronok
Lair:3:   layout_roguey, grunt_megastairs_5, serial_bayou_shore_b,
          uniq_prince_ribbit2
Lair:4:   layout_cave_pods, elwin_shoals_entry_stream, minmay_lair_oklob_chamber
Lair:5:   layout_gridlike, uniq_nessos, uniq_kirke

Skill      XL: |  1  2  3  4  5  6  7  8  9 10 11 12 13 |
---------------+----------------------------------------+-----
Conjurations   | 5 6 7 9 10 11 12 13 | 13.2
Dodging        | 3 4 5 6 8 10 11 | 11.4
Spellcasting   | 4 6 9 10 | 10.2
Hexes          | 1 2 3 5 |  5.0
Invocations    | 1 3 4 7 8 9 |  9.0
Translocations | 1 2 3 5 |  5.0
Fighting       | 3 5 6 7 |  7.3
Stealth        | 5 |  5.0
Shields        | 4 |  4.0
Ice Magic      | 2 7 9 |  9.4

Action                   |  1- 3 |  4- 6 |  7- 9 | 10-12 | 13-15 || total
-------------------------+-------+-------+-------+-------+-------++-------
Melee: Short sword       |     1 |     8 |     7 |       |       ||    16
       Dagger            |       |       |       |       |     1 ||     1
 Cast: Magic Dart        |    61 |    46 |    74 |   247 |   103 ||   531
       Searing Ray       |     5 |    21 |    71 |   114 |    39 ||   250
       Iskenderun's Myst |       |       |    11 |    43 |    12 ||    66
       Fulminant Prism   |       |       |     9 |    49 |    15 ||    73
       Iskenderun's Batt |       |       |       |    32 |    28 ||    60
       Ozocubu's Armour  |       |       |       |    11 |     5 ||    16
Invok: Channel Magic     |       |       |     3 |     8 |     4 ||    15
  Use: Scroll            |       |       |       |    15 |     3 ||    18
       Potion            |       |       |       |       |     4 ||     4
Armor: Robe              |     3 |     6 |    11 |    10 |       ||    30
       Steam dragon scal |       |       |       |    40 |    27 ||    67
Dodge: Dodged            |     5 |     8 |    34 |   138 |    62 ||   247
Block: Buckler           |       |       |       |    49 |    24 ||    73

Table legend: (Time is in decaauts)
 A = Elapsed time spent in this place.
 B = Non-inter-level travel time spent in this place.
 C = Inter-level travel time spent in this place.
 D = Time resting spent in this place.
 E = Time spent auto-exploring this place.
 F = Levels seen in this place.
 G = Mean time per level.
                   A        B        C        D        E       F      G
               +--------+--------+--------+--------+--------+-----+--------+
         Total |  23205 |  22355 |    850 |   9567 |   9012 |  18 | 1289.2 |
       Dungeon |  14474 |  13779 |    695 |   5371 |   6099 |  11 | 1315.8 |
        Temple |     16 |     16 |      0 |      0 |      0 |   1 |   16.0 |
          Lair |   7526 |   7371 |    155 |   3606 |   2620 |   5 | 1505.2 |
        Bailey |   1188 |   1188 |      0 |    590 |    292 |   1 | 1188.0 |
               +--------+--------+--------+--------+--------+-----+--------+

Top non-repeatable levels by time:
  Lair:2: 2057 daAuts
     D:9: 1819 daAuts
    D:11: 1722 daAuts
  Lair:4: 1719 daAuts
    D:10: 1699 daAuts
  Lair:1: 1648 daAuts
     D:6: 1621 daAuts
     D:7: 1511 daAuts
  Lair:3: 1455 daAuts
     D:4: 1262 daAuts
     D:8: 1232 daAuts
  Bailey: 1188 daAuts
     D:3: 945 daAuts
     D:1: 913 daAuts
     D:5: 875 daAuts
